Map: Galactic Process LE

Players

Nickos

  • Race: Terran Terran
  • League: Gold

majaja - Winner!

  • Race: Protoss Protoss
  • League: Platinum

VOD

Have the link to the VOD?

Description

Time

  • Played on: Sept. 22, 2016, 7:42 a.m.
  • Length: 13:53
Show
View Real Time Build Order
Export as new Build Order

Nickos Terran 

Build Orders: MMM Bio 

Get SALT Encoding   

  12  0:00  SCV  
  13  0:13  SCV  
  14  0:17  Supply Depot  
  14  0:25  SCV  
  15  0:39  SCV  
  15  0:40  Barracks  
  16  0:51  SCV  
  17  1:03  SCV  
  18  1:24  Command Center  
  18  1:28  Marine  
  18  1:30  Supply Depot  
  19  1:39  Orbital Command  
  19  1:48  Marine  
  20  1:56  Barracks  
  20  2:05  Marine, SCV  
  22  2:17  SCV  
  23  2:23  Marine  
  23  2:29  Barracks, SCV  
  24  2:39  Orbital Command  
  24  2:41  Marine, SCV  
  24  2:44  Marine  
  26  2:49  Refinery  
  26  2:50  Refinery  
  27  2:57  Bunker  
  27  2:58  SCV  
  27  3:01  Marine  
  27  3:03  Marine  
  30  3:09  SCV  
  31  3:15  SCV  
  31  3:19  Barracks Tech Lab  
  32  3:20  Marine  
  32  3:22  SCV  
  35  3:28  SCV  
  35  3:31  Supply Depot  
  35  3:33  Barracks Reactor  
  35  3:39  Marauder  
  37  3:42  SCV x2  
  39  3:49  Barracks Reactor  
  39  3:54  SCV  
  39  3:55  SCV  
  41  3:59  Supply Depot  
  40  4:05  Marine  
  40  4:09  Stimpack  
  41  4:10  SCV x2  
  43  4:21  Marine x2  
  43  4:22  SCV  
  43  4:23  Marauder  
  47  4:33  SCV  
  47  4:34  SCV, Marine x2  
  51  4:39  Marine x2  
  51  4:45  SCV  
  51  4:58  Marine x4  
  51  4:59  Marauder  
  57  5:01  SCV  
  57  5:02  SCV  
  57  5:04  Factory  
  59  5:11  Engineering Bay  
  59  5:13  SCV  
  60  5:16  Marine  
  60  5:17  SCV  
  62  5:37  Engineering Bay  
  62  5:39  Terran Infantry Weapons Level 1  
  62  5:45  Missile Turret  
  62  5:50  Missile Turret  
  62  5:53  Factory Reactor  
  62  5:57  Starport  
  62  6:06  SCV  
  62  6:10  Combat Shields  
  62  6:13  Refinery  
  62  6:29  Terran Infantry Armor Level 1  
  62  6:31  Missile Turret  
  62  6:41  Marine  
  62  6:52  Missile Turret  
  62  6:53  Marine  
  62  7:02  Supply Depot  
  62  7:06  Liberator  
  62  7:23  Medivac, SCV, Command Center, Supply Depot, Marine x3  
  62  7:24  Marauder, SCV  
  62  7:25  Supply Depot  
  73  7:35  SCV  
  73  7:36  SCV  
  59  7:45  Marauder  
  59  7:47  Marine x3  
  59  7:48  SCV, Marine  
  64  7:53  Medivac  
  64  7:57  SCV  
  65  8:00  SCV  
  65  8:01  Armory  
  65  8:05  Supply Depot x2  
  66  8:06  Marine x4  
  66  8:07  Marauder  
  66  8:10  SCV  
  66  8:12  SCV  
  74  8:17  Medivac  
  76  8:22  Barracks, SCV  
  76  8:23  Marine  
  76  8:24  Marine x3  
  76  8:26  Barracks  
  81  8:28  Marauder  
  83  8:35  Missile Turret  
  83  8:40  Medivac  
  85  8:41  Marine  
  85  8:42  Marine  
  85  8:44  Marine x2  
  85  8:45  SCV  
  85  8:46  SCV  
  85  8:47  Medivac  
  93  8:50  SCV, Marauder  
  93  8:54  Supply Depot  
  93  8:55  Missile Turret  
  96  8:57  Terran Infantry Weapons Level 2, SCV  
  96  8:59  Marine  
  98  9:04  Terran Infantry Armor Level 2  
  96  9:11  Marauder  
  96  9:16  Barracks Reactor  
  98  9:17  Barracks Tech Lab  
  98  9:29  Marine x4  
  98  9:30  Medivac  
  102  9:53  Marine  
  102  9:54  Marine x5  
  102  9:55  Marine x2  
  105  10:08  Medivac x2  
  105  10:11  Marine, Supply Depot, SCV x3  
  105  10:12  Marine x2  
  115  10:16  Marine x3, Marauder x2  
  122  10:27  Barracks  
  122  10:28  Barracks  
  122  10:29  Marine x3  
  122  10:30  Barracks  
  122  10:31  Barracks  
  122  10:33  Refinery  
  122  10:34  Marine x2  
  127  10:38  Medivac, Supply Depot  
  127  10:40  Supply Depot  
  129  10:42  Supply Depot  
  129  10:45  Viking  
  129  10:47  Marine  
  132  11:06  Marine x3  
  132  11:07  Marine x4  
  132  11:08  Viking  
  141  11:12  Orbital Command  
  141  11:15  Barracks Tech Lab  
  141  11:16  Barracks Tech Lab  
  141  11:20  Viking  
  143  11:28  Marine x5  
  143  11:29  Marine  
  143  11:31  Barracks Tech Lab x2  
  149  11:39  Marine  
  149  11:40  Marine  
  149  11:41  Marauder x2  
  104  12:09  Marine x3  
  104  12:10  Marine x5  
  104  12:11  Marine x2  
  82  12:18  Marine x2  
  77  12:27  Marine x4  
  77  12:28  SCV x2, Marine  
  84  12:40  Marauder x2  
  84  12:41  Marauder  
  84  12:43  Marauder  
  92  12:47  Command Center  
  92  12:48  Marauder  
  92  12:49  Medivac  
  96  12:51  Orbital Command  
  96  12:58  SCV x2  
  97  13:00  Marine  
  97  13:01  Marine  
  100  13:08  Marauder x2  
  100  13:10  SCV x2  
  106  13:21  Bunker  
  106  13:22  Bunker, SCV  
  107  13:29  Marine  
  107  13:30  Marine x3  
  107  13:31  Marauder x3  
Show
View Real Time Build Order
Export as new Build Order

majaja Protoss - Winner!

Build Orders: 1 Gate Expand, Oracle Opening 

Get SALT Encoding   

  12  0:03  Probe (Chrono Boost)  
  13  0:13  Probe (Chrono Boost)  
  14  0:18  Pylon  
  14  0:24  Probe (Chrono Boost)  
  15  0:37  Probe (Chrono Boost)  
  15  0:39  Gateway  
  16  0:47  Assimilator  
  16  0:49  Probe (Chrono Boost)  
  17  1:00  Probe (Chrono Boost)  
  18  1:25  Nexus  
  18  1:36  Cybernetics Core  
  18  1:44  Assimilator  
  19  1:47  Probe (Chrono Boost)  
  19  1:57  Probe (Chrono Boost)  
  20  2:03  Pylon  
  20  2:11  Probe (Chrono Boost)  
  20  2:13  Adept  
  20  2:15  Warp Gate  
  23  2:28  Stargate  
  23  2:41  Probe (Chrono Boost)  
  24  2:47  Mothership Core (Chrono Boost)  
  26  2:53  Probe (Chrono Boost)  
  27  3:02  Pylon  
  29  3:05  Probe (Chrono Boost)  
  29  3:06  Probe (Chrono Boost)  
  29  3:13  Oracle  
  29  3:18  Probe (Chrono Boost)  
  33  3:24  Probe (Chrono Boost)  
  34  3:30  Probe (Chrono Boost)  
  35  3:34  Probe (Chrono Boost)  
  37  3:42  Probe (Chrono Boost)  
  37  3:45  Probe (Chrono Boost)  
  38  3:54  Probe (Chrono Boost)  
  40  3:55  Probe (Chrono Boost)  
  40  4:06  Probe x2 (Chrono Boost)  
  42  4:17  Probe (Chrono Boost), Robotics Facility  
  44  4:18  Probe (Chrono Boost)  
  44  4:27  Probe (Chrono Boost)  
  44  4:30  Probe (Chrono Boost)  
  46  4:38  Probe (Chrono Boost)  
  47  4:42  Probe (Chrono Boost)  
  48  4:48  Probe (Chrono Boost)  
  46  4:54  Probe (Chrono Boost), Phoenix  
  46  4:57  Assimilator  
  46  4:59  Probe (Chrono Boost)  
  50  5:00  Assimilator  
  50  5:07  Probe (Chrono Boost)  
  51  5:10  Pylon  
  51  5:15  Phoenix  
  51  5:16  Robotics Bay  
  51  5:17  Pylon  
  51  5:19  Gateway  
  51  5:21  Gateway  
  53  5:23  Gateway  
  53  5:25  Gateway  
  53  5:39  Observer  
  53  5:40  Phoenix  
  56  5:43  Nexus  
  56  5:46  Pylon  
  56  5:50  Adept  
  56  5:51  Pylon  
  58  6:04  Pylon  
  58  6:05  Phoenix  
  60  6:11  Colossus  
  66  6:26  Adept x4  
  74  6:50  Probe (Chrono Boost)  
  74  6:51  Probe (Chrono Boost)  
  76  7:00  Probe (Chrono Boost)  
  77  7:02  Extended Thermal Lance  
  77  7:03  Probe (Chrono Boost)  
  77  7:05  Probe (Chrono Boost)  
  77  7:07  Assimilator  
  79  7:11  Probe (Chrono Boost), Assimilator  
  82  7:15  Probe x2 (Chrono Boost)  
  82  7:18  Stargate  
  82  7:24  Forge  
  82  7:25  Forge  
  82  7:30  Adept x4  
  80  7:48  Void Ray  
  80  7:51  Colossus  
  91  7:58  Probe (Chrono Boost)  
  91  8:25  Pylon  
  91  8:27  Twilight Council  
  91  8:33  Robotics Facility  
  91  8:35  Pylon  
  91  8:36  Photon Cannon  
  91  8:43  Pylon  
  91  8:44  Probe x2 (Chrono Boost)  
  91  8:45  Probe (Chrono Boost), Colossus  
  91  8:47  Void Ray  
  100  8:53  Void Ray  
  108  9:31  Stalker x4  
  110  9:32  Stalker  
  118  9:39  Colossus  
  122  9:53  Protoss Ground Weapons Level 1, Protoss Ground Armor Level 1  
  122  9:56  Stalker  
  124  10:17  Pylon  
  124  10:18  Pylon  
  124  10:32  Pylon  
  124  10:34  Void Ray, Pylon  
  124  10:35  Photon Cannon  
  124  10:36  Void Ray  
  124  10:38  Resonating Glaives  
  124  10:40  Pylon  
  132  10:44  Colossus  
  132  10:51  Colossus  
  132  10:52  Pylon  
  132  10:53  Adept  
  132  10:54  Adept, Pylon  
  132  10:56  Photon Cannon  
  148  10:59  Photon Cannon  
  148  11:00  Pylon  
  148  11:03  Gateway  
  148  11:05  Gateway  
  148  11:09  Gateway x2  
  148  11:13  Gateway  
  148  11:15  Pylon  
  148  11:18  Pylon  
  148  11:19  Void Ray  
  148  11:21  Pylon x2  
  148  11:24  Void Ray, Pylon  
  156  11:28  Pylon  
  156  11:36  Pylon  
  156  11:40  Nexus  
  156  11:41  Stalker x2  
  156  11:42  Stalker x3  
  146  12:12  Adept x4  
  146  12:13  Adept x5  
  146  12:14  Adept  
  160  12:18  Void Ray  
  160  12:22  Void Ray  
  168  12:40  Stalker x2  
  168  12:42  Pylon  
  172  12:44  Assimilator, Pylon  
  172  12:48  Assimilator  
  172  13:05  Probe x3 (Chrono Boost)  
  157  13:48  Stalker x2  
  157  13:49  Adept, Stalker x3  
  157  13:50  Adept x4  
Tags
 
Add a new tag
Caveats
  • Supply blocks, unpowered buildings, or Contaminate may cause inaccurate times.
  • Supply counts are checked every 10 seconds.